 Dungeon Crawl Stone Soup version 0.30.0-11-gf55b779eaf (webtiles) character file.

Game seed: 6147188534892963240

255 GigaChad the Covered (level 5, -4/48 HPs)
             Began as an Armataur Fighter on May 17, 2023.
             Slain by a gnoll bouda
             ... wielding a +0 whip
              (9 damage)
             ... on level 4 of the Dungeon.
             The game lasted 00:02:57 (2840 turns).

GigaChad the Covered (Armataur Fighter)             Turns: 2840, Time: 00:02:57

Health: -4/48      AC:  9    Str: 23    XL:     5   Next: 91%
Magic:  14/14      EV:  7    Int: 14    God:
Gold:   104        SH:  4    Dex: 10    Spells: 4/4 levels left

rFire   x . .        a - +1 war axe
rCold   + + .        c - +0 buckler
rNeg    . . .        o - +0 ice dragon scales
rPois   .            (no helmet)
rElec   .            (no cloak)
rCorr   .            (no gloves)
SInv    .            (no barding)
Will    .....        (no amulet) Stlth
                     k - +6 ring of intelligence
HPRegen 0.28/turn    e - ring of magical power
MPRegen 0.14/turn

%: roll
@: no status effects
A: large, rugged brown scales 3, deformed body, armoured tail, roll, long
tongue, awkward tongue
a: no special abilities


You were on level 4 of the Dungeon.
You visited 1 branch of the dungeon, and saw 4 of its levels.

You collected 104 gold pieces.

Inventory:

Hand Weapons
 a - a +1 war axe (weapon)
Armour
 b - a +0 scale mail
 c - a +0 buckler (worn)
 o - +0 ice dragon scales (worn)
 p - a +0 chain mail
Jewellery
 e - a ring of magical power (right hand)
 i - an amulet of faith
 k - a +6 ring of intelligence (left hand)
 n - a ring of flight
Scrolls
 f - 2 scrolls of identify
 m - a scroll of teleportation
Potions
 d - 2 potions of might
 g - 3 potions of lignification
 h - 4 potions of flight {unknown}
 j - 2 potions of curing {unknown}
 l - 2 potions of mutation {unknown}
 q - a potion of brilliance {unknown}
 r - a potion of haste {unknown}


   Skills:
 * Level 3.3 Fighting
 * Level 3.6 Axes
 * Level 5.1 Armour
 * Level 4.1 Shields


You had 4 spell levels left.
You didn't know any spells.
Your spell library contained the following spells:

 Spells                   Type           Power      Damage    Failure   Level
 Inner Flame              Hex/Fire       0%         N/A       97%         3
 Yara's Violent Unravell  Hex/Tmut       0%         3d3       100%        5
 Enfeeble                 Hex            0%         N/A       100%        7


Dungeon Overview and Level Annotations

Branches:
Dungeon (4/15)
 Temple: D:4-7

Altars:


Innate Abilities, Weirdness & Mutations

You are completely covered in rugged brown scales. (AC +3, +7% HP)
Armour fits poorly on your strangely shaped body.
You have a long armoured tail.
You roll when moving toward enemies. (Rampage)
Your long tongue fully drains potion bottles. (2x potion effects)
Your tongue gives you trouble enunciating. (1.5x scroll delay)


Message History

The iguana barely misses you.
The iguana bites you but does no damage.
You barely miss the iguana.
The iguana is almost dead.
The iguana bites you but does no damage.
You hit the iguana.
You kill the iguana!
A gnoll bouda comes into view. It is wielding a +0 whip.
The gnoll bouda gazes fiercely through you!
You feel your attacks grow feeble.
You roll towards the gnoll bouda!
The gnoll bouda hits you with a +0 whip!
You are too injured to fight recklessly!
You are too injured to fight recklessly!
You are too injured to fight recklessly!
You are too injured to fight recklessly!
You are too injured to fight recklessly!
You are too injured to fight recklessly!
You are too injured to fight recklessly!
You barely miss the gnoll bouda. You tail-slap the gnoll bouda.
The gnoll bouda is moderately wounded.
The gnoll bouda hits you with a +0 whip.
The gnoll bouda hits you but does no damage.
Unknown command.
You closely miss the gnoll bouda.
The gnoll bouda is moderately wounded.
The gnoll bouda hits you with a +0 whip!
* * * LOW HITPOINT WARNING * * *
Unknown command.
You slash the gnoll bouda!
You tail-slap the gnoll bouda, but do no damage.
The gnoll bouda is severely wounded.
The gnoll bouda hits you with a +0 whip.
* * * LOW HITPOINT WARNING * * *
Unknown command.
You barely miss the gnoll bouda.
The gnoll bouda is severely wounded.
Your attacks no longer feel as feeble.
The gnoll bouda hits you with a +0 whip!
You die...

#...........#.>.........
#...........#...........
##....#######.........).
#....##...##...†....#
###..........#........#
)............#........#
†.........<.##...##...+
............##.?.# ...#
###.........'...@# ..#
.########...##..g# ..#
.##...# #...##...# .#
..#...#.....#....# .#
..+...#.....#....#
.##...#.....#....#
.##...#.....#....#
......#.....##...#
.##...#


You could see a gnoll bouda.

Vanquished Creatures
  A hound (D:4)
  An iguana (D:4)
  An orc wizard (D:4)
  A gnoll (D:1)
  7 adders
  3 worms (D:2)
  4 dart slugs
  6 orcs
  7 ball pythons
  4 endoplasms
  A giant cockroach (D:2)
  3 goblins
  8 hobgoblins
  4 jackals (D:2)
  6 quokkas
  7 bats
  4 frilled lizards
  11 kobolds
  6 rats
85 creatures vanquished.

Notes
Turn   | Place    | Note
-------+----------+-------------------------------------------
     0 | D:1      | GigaChad the Armataur Fighter began the quest for the Orb.
     0 | D:1      | Reached XP level 1. HP: 19/19 MP: 1/1
   185 | D:1      | Reached skill level 4 in Armour
   185 | D:1      | Reached XP level 2. HP: 26/26 MP: 2/2
   518 | D:1      | Reached XP level 3. HP: 32/32 MP: 3/3
  1090 | D:2      | Found a faded altar of an unknown god.
  1119 | D:2      | Reached XP level 4. HP: 34/40 MP: 4/4
  2041 | D:3      | Reached XP level 5. HP: 40/48 MP: 5/5
  2774 | D:4      | Reached skill level 5 in Armour
  2840 | D:4      | Slain by a gnoll bouda

Illustrated notes

Levels and vault maps discovered:
D:1:      lightli_arrival_boilingwater, layout_basic, nicolae_grassy_gnolls
D:2:      layout_basic, dreamdust_ecumenical_altar_grove,
          hangedman_decor_growths, minmay_divided_ellipse
D:3:      layout_rooms
D:4:      layout_gridville, mainiacjoe_overflow_six_doors_small

Skill      XL: |  1  2  3  4  5 |
---------------+----------------+-----
Armour         | 4 5 |  5.1
Axes           | 2 3 |  3.6
Fighting       | 3 |  3.3
Shields        | 4 |  4.1

Action                     |  1- 3 |  4- 6 || total
---------------------------+-------+-------++-------
  Melee: War axe           |    77 |   135 ||   212
         Tailslap          |       |    18 ||    18
    Use: Scroll            |     3 |     3 ||     6
 Armour: Scale mail        |    59 |    26 ||    85
         Ice dragon scales |       |    49 ||    49
         Chain mail        |       |     8 ||     8
  Dodge: Dodged            |    36 |    37 ||    73
  Block: Buckler           |    21 |    29 ||    50
